 Dungeon Crawl Stone Soup version 0.28-a0-883-gc8d7bad45d (webtiles) character file.

Game seed: 11617962242820197492

3495 SirFunk the Stinger (level 9, -9/44 HPs)
             Began as a Spriggan Venom Mage on Nov 21, 2021.
             Was an Elder of Nemelex Xobeh.
             Mangled by a blink frog (17 damage)
             ... on level 1 of the Lair of Beasts.
             The game lasted 00:53:40 (12711 turns).

SirFunk the Stinger (Spriggan Venom Mage)          Turns: 12711, Time: 00:53:41

Health: -9/44      AC:  6    Str: 10    XL:     9   Next: 80%
Magic:  19/19      EV: 16    Int: 25    God:    Nemelex Xobeh [****..]
Gold:   296        SH: 11    Dex: 16    Spells: 11/20 levels left

rFire   x . .      SeeInvis +   a - +8 flail of Axepniol {freeze, rF- rC+++ Int+6}
rCold   + + +      Faith    .   e - +0 buckler
rNeg    . . .      Spirit   .   i - +0 acid dragon scales
rPois   .          Reflect  +   (helmet restricted)
rElec   .          Harm     .   g - scarf {shadows}
rCorr   +          Rampage  .   (gloves unavailable)
Will    +....                   (boots unavailable)
Stlth   +++.......              u - amulet of reflection
HPRegen 0.14/turn               n - ring of resist corrosion
MPRegen 0.16/turn               G - +6 ring of strength

@: very quick
A: very small, no large weapons, unfitting armour, see invisible, speed 3
a: Renounce Religion, Draw Escape, Draw Destruction, Draw Summoning, Triple
Draw, Deal Four


You were on level 1 of the Lair of Beasts.
You worshipped Nemelex Xobeh.
Nemelex Xobeh was greatly pleased with you.
You visited 2 branches of the dungeon, and saw 9 of its levels.
You also visited: Bailey.

You collected 517 gold pieces.
You spent 221 gold pieces at shops.

Inventory:

Hand Weapons
 a - the +8 flail of Axepniol (weapon) {freeze, rF- rC+++ Int+6}
   (You bought it in a shop on level 7 of the Dungeon)

   It freezes those it strikes, dealing additional cold damage.
   It can also slow down cold-blooded creatures.
   Int:       It affects your intelligence (+6).
   rF:        It makes you vulnerable to fire.
   rC:        It renders you almost immune to cold.
 b - the +3 hunting sling "Spriggan's Regret" {freeze, Int+3}
   (You found it on level 5 of the Dungeon)

   Any ammunition fired from it freezes those it strikes, dealing additional
   cold damage.
   It can also slow down cold-blooded creatures.
   Int:       It affects your intelligence (+3).
 d - a +0 hand axe of electrocution
 I - a +2 dagger of venom
Missiles
 k - 210 stones
 o - 7 poisoned darts
 C - 30 sling bullets
 F - a throwing net
Armour
 e - a +0 buckler (worn)
 g - a scarf of shadows (worn)
 i - +0 acid dragon scales (worn)
 B - a +2 cloak of preservation
Magical Staves
 w - a staff of poison
Jewellery
 h - an amulet of the acrobat
 n - a ring of resist corrosion (left hand)
 p - an amulet of magic regeneration
 u - an amulet of reflection (around neck)
 G - a +6 ring of strength (right hand)
Wands
 l - a wand of digging (3)
 x - a wand of charming (11)
 D - a wand of paralysis (1)
Scrolls
 m - a scroll of fog
 t - 2 scrolls of teleportation
 E - a scroll of fear
Potions
 c - a potion of resistance
 j - 4 potions of curing
 q - a potion of ambrosia
 r - a potion of might {unknown}
 s - 2 potions of degeneration {unknown}
 v - a potion of magic {unknown}
 z - 2 potions of brilliance {unknown}
 A - a potion of heal wounds {unknown}
 H - 4 potions of flight {unknown}


   Skills:
 + Level 3.0 Fighting
 + Level 1.2 Maces & Flails
 - Level 2.8 Dodging
 - Level 5.0 Stealth
 + Level 2.8 Shields
 - Level 6.0 Spellcasting
 + Level 4.0 Conjurations
 - Level 2.0 Summonings
 - Level 5.0 Transmutations
 + Level 4.9 Air Magic
 + Level 6.7 Poison Magic
 + Level 3.3 Invocations


You had 11 spell levels left.
You knew the following spells:

 Your Spells              Type           Power      Damage    Failure   Level
a - Sting                 Tmut/Pois      100%       1d8       1%          1
b - Poisonous Vapours     Pois/Air       72%        N/A       2%          2
c - Mephitic Cloud        Conj/Pois/Air  33%        N/A       6%          3
d - Call Imp              Summ           17%        N/A       11%         2
e - Magic Dart            Conj           100%       1d8       3%          1

Your spell library contained the following spells:

 Spells                   Type           Power      Damage    Failure   Level
 Swiftness                Air            32%        N/A       6%          3
 Corpse Rot               Necr/Air       38%        N/A       9%          2
 Passwall                 Tmut/Erth      16%        N/A       9%          2
 Olgreb's Toxic Radiance  Pois           41%        N/A       11%         4
 Apportation              Tloc           14%        N/A       16%         1
 Dazzling Flash           Conj/Hex       34%        N/A       22%         3
 Alistair's Intoxication  Tmut/Pois      24%        N/A       38%         5
 Ozocubu's Armour         Ice            7%         N/A       43%         3
 Dispel Undead            Necr           7%         3d8       85%         4
 Silence                  Hex/Air        9%         N/A       86%         5
 Agony                    Necr           7%         N/A       99%         5
 Metabolic Englaciation   Hex/Ice        3%         N/A       99%         5
 Death Channel            Necr           3%         N/A       100%        6
 Simulacrum               Ice/Necr       3%         N/A       100%        6


Dungeon Overview and Level Annotations

Branches:
Dungeon (8/15)             Temple (0/1) D:6            Lair (1/6) D:8
 Bailey (visited)

Altars:
Ashenzari
Cheibriados
Dithmenos
Elyvilon
Fedhas
Nemelex Xobeh
Okawaru
Qazlal
Sif Muna
Zin
The Shining One

Shops:
D:1 !   D:7 (   D:8 *


Innate Abilities, Weirdness & Mutations

You are very small and have problems with some larger weapons.
You are too small for most types of armour.
You have supernaturally acute eyesight. (SInv)
You cover ground extremely quickly. (Speed+++)


Message History

The blink frog blinks!
You shoot a stone. The stone hits the blink frog.
The stone freezes the blink frog.
The blink frog is heavily wounded.
The blink frog blinks!
A blink frog comes into view. x2
The blink frog barely misses you.
The blink frog blinks! x2
The +3 hunting sling "Spriggan's Regret" {freeze, Int+3} stops glowing.
You feel clever.
The +8 flail of Axepniol {freeze, rF- rC+++ Int+6} glows with a cold blue light!
a - the +8 flail of Axepniol (weapon)
{freeze, rF- rC+++ Int+6} You completely miss the blink frog.
The blink frog hits you!
The blink frog blinks!
You sock the blink frog!
The blink frog seems to slow down.
You freeze the blink frog.
The blink frog is heavily wounded.
The blink frog misses you. The blink frog completely misses you.
The blink frog hits you.
The blink frog blinks!
The blink frog blinks!
Found a stone staircase leading down.
You miss the blink frog.
The blink frog is heavily wounded.
The blink frog is no longer moving slowly.
The blink frog hits you!
The blink frog blinks! x2
The blink frog croaks.
You miss the blink frog.
The blink frog is heavily wounded.
You hear a croak.
The blink frog misses you.
The blink frog blinks!
You block the blink frog's attack. The blink frog misses you.
The blink frog hits you but does no damage.
You miss the blink frog.
The blink frog is heavily wounded.
You block the blink frog's attack. The blink frog closely misses you.
The blink frog hits you!
* * * LOW HITPOINT WARNING * * *
The blink frog hits you!
You die...
Your body glows slightly and disappears.

.#......♣.. .#
..##..♣.. P
..####.#.....♣.♣
(.........§...>.
(F.......P..P♣.♣
....(...FF.♣....
+.$#.@..♣...
##F#.F....F.
#..#...##...
##......# P#
###.###.....#
..........#.#
..........#...
.P.#.##########
## ##


You could see 4 blink frogs.

Vanquished Creatures
  4 yaks
  A human (D:6)
  3 water moccasins
  An orc warrior (D:7)
  An ogre (D:5)
  A black bear (D:8)
  An ice beast (D:6)
  2 necrophages (D:5)
  A centaur (D:8)
  5 bullfrogs
  3 scorpions
  A wyvern zombie (D:6)
  8 killer bees
  2 jellies
  3 centaur zombies
  A centaur skeleton (D:7)
  2 hounds
  An orc priest (D:4)
  Crazy Yiuf (D:7)
  2 bullfrog skeletons
  A gnoll shaman (D:6)
  2 iguanas
  4 orc wizards
  A killer bee zombie (D:5)
  A howler monkey zombie (D:5)
  13 gnolls
  3 adders
  A shadow imp (D:7)
  A white imp (D:8)
  3 worms
  2 dart slugs
  28 orcs
  9 endoplasms
  4 giant cockroaches (D:2)
  14 goblins
  10 hobgoblins
  4 jackals
  8 kobolds
  4 quokkas
  3 ball pythons
  A bat (D:1)
  5 frilled lizards
  5 rats
171 creatures vanquished.

Vanquished Creatures (collateral kills)
  A killer bee (D:8)
1 creature vanquished.

Vanquished Creatures (others)
  40 fungi (D:8)
  36 plants
76 creatures vanquished.

Grand Total: 248 creatures vanquished

Notes
Turn   | Place    | Note
-------+----------+-------------------------------------------
     0 | D:1      | SirFunk the Spriggan Venom Mage began the quest for the
                  | Orb.
     0 | D:1      | Reached XP level 1. HP: 9/9 MP: 5/5
   194 | D:1      | Reached XP level 2. HP: 11/13 MP: 4/7
   267 | D:1      | Found Vetwir's Distillery.
   309 | D:1      | Found a faded altar of an unknown god.
   355 | D:1      | Prayed at the altar of an unknown god.
   355 | D:1      | Became a worshipper of Nemelex Xobeh the Trickster
   355 | D:1      | Reached * piety under Nemelex Xobeh
   494 | D:1      | Reached XP level 3. HP: 8/16 MP: 3/8
  1101 | D:2      | Learned a level 2 spell: Poisonous Vapours
  1105 | D:2      | Learned a level 3 spell: Mephitic Cloud
  1451 | D:2      | Received a gift from Nemelex Xobeh
  1946 | D:3      | Found a snail-covered altar of Cheibriados.
  1977 | D:3      | Reached XP level 4. HP: 21/21 MP: 8/10
  2023 | D:3      | Reached ** piety under Nemelex Xobeh
  2492 | D:3      | Found an iron altar of Okawaru.
  2693 | D:3      | Found a shimmering blue altar of Sif Muna.
  2696 | D:3      | Received a gift from Nemelex Xobeh
  2975 | D:4      | Reached skill level 1 in Air Magic
  3009 | D:4      | Reached XP level 5. HP: 12/24 MP: 5/11
  3170 | D:4      | Noticed Edmund
  3181 | D:4      | Noticed Edmund
  3181 | D:4      | Edmund changed into Edmund the worm
  3183 | D:4      | Killed Edmund the worm
  3526 | D:4      | Received a gift from Nemelex Xobeh
  3551 | D:4      | Reached *** piety under Nemelex Xobeh
  3639 | D:4      | Found a white marble altar of Elyvilon.
  3695 | D:4      | Upgraded the game from 0.28-a0-872-g80cf8599ee to
                  | 0.28-a0-883-gc8d7bad45d
  3921 | D:5      | Entered Level 5 of the Dungeon
  4218 | D:5      | Reached skill level 1 in Conjurations
  4319 | D:5      | Reached XP level 6. HP: 28/28 MP: 10/13
  5140 | D:5      | Reached skill level 5 in Stealth
  5168 | D:5      | Learned a level 2 spell: Call Imp
  5173 | D:5      | Found a shadowy altar of Dithmenos.
  5202 | D:5      | Identified the +3 hunting sling "Spriggan's Regret"
                  | {freeze, Int+3}
  5252 | D:5      | Found a glowing golden altar of the Shining One.
  5633 | D:5      | Found a broken altar of Ashenzari.
  5713 | D:5      | Reached XP level 7. HP: 32/32 MP: 13/15
  5873 | D:5      | Reached skill level 1 in Summonings
  6072 | D:5      | Paralysed by an orc for 6 turns
  6493 | D:5      | Reached skill level 5 in Spellcasting
  7034 | D:6      | Reached skill level 5 in Poison Magic
  7381 | D:6      | Found a staircase to the Ecumenical Temple.
  7526 | D:5      | Reached XP level 8. HP: 6/36 MP: 15/17
  7992 | D:6      | Reached skill level 5 in Transmutations
  8127 | D:6      | Learned a level 1 spell: Magic Dart
  8130 | D:6      | Reached **** piety under Nemelex Xobeh
  8205 | D:6      | Noticed a hornet
  8378 | D:6      | a hornet changed into a human
  8398 | D:6      | Reached skill level 1 in Fighting
  9088 | D:7      | Found Niupeupn's Antique Weapon Emporium.
  9134 | D:7      | Found a flagged portal.
  9185 | D:7      | Reached skill level 1 in Shields
  9254 | Bailey   | Entered a bailey
  9336 | D:7      | Reached skill level 1 in Invocations
  9545 | D:7      | Received a gift from Nemelex Xobeh
 10040 | D:7      | Found a stormy altar of Qazlal.
 10063 | D:7      | Identified the +2 robe "Oresieh" {-Cast rC+ Dex+8}
 10377 | D:7      | Reached XP level 9. HP: 42/42 MP: 19/19
 10481 | D:7      | Found a runed translucent door.
 10482 | D:7      | Noticed Crazy Yiuf
 10613 | D:7      | Found a blossoming altar of Fedhas.
 10801 | D:7      | Killed Crazy Yiuf
 10952 | D:7      | Bought a shimmering flail for 221 gold pieces
 10952 | D:7      | Identified the +8 flail of Axepniol {freeze, rF- rC+++
                  | Int+6} (You bought it in a shop on level 7 of the Dungeon)
 11545 | D:8      | Found Zin's Purification Station.
 11548 | D:8      | Found a glowing silver altar of Zin.
 12223 | D:8      | Found a staircase to the Lair.
 12278 | D:8      | Reached skill level 1 in Maces & Flails
 12686 | Lair:1   | Entered Level 1 of the Lair of Beasts
 12711 | Lair:1   | Mangled by a blink frog

Illustrated notes

Levels and vault maps discovered:
D:1:      lightli_arrival_statuegarden, layout_rooms, serial_shops, shop,
          chequers_ecumenical_altar_simple_redux
D:2:      layout_loops_ring
D:3:      layout_basic, old_standard_altar, lemuel_round_altar,
          mainiacjoe_overflow_24_doors
D:4:      layout_loops_ring, general_overflow_altar, uniq_edmund
D:5:      corexii_shack_village, layout_loops_corners,
          mainiacjoe_overflow_paths, ashenzari_altar_1,
          grunt_dithmenos_smoke_and_mirrors
D:6:      layout_basic, minmay_temple_entry_junction, hangedman_glass_teeth,
          grunt_ministairs_3, hangedman_decor_push
D:7:      layout_cave_pods, mainiacjoe_overflow_alcove_1, amcnicky_altar_gilded,
          serial_shops, shop, enter_bailey_2, uniq_crazy_yiuf_cottage
D:8:      layout_basic, zin_purify, due_lair_maze_entry_diamond
Lair:1:   layout_loops_ring, special_room, minivault_25,
          chequers_serial_rivers_room_b, chequers_serial_rivers_small_3,
          grunt_forest_stairs_basic, grunt_megastairs_3

Skill      XL: |  1  2  3  4  5  6  7  8  9 |
---------------+----------------------------+-----
Spellcasting   | 3 4 5 6 |  6.0
Transmutations | 2 3 4 5 |  5.0
Stealth        | 4 5 |  5.0
Air Magic      | 1 2 3 4 |  4.9
Poison Magic   | 4 5 6 |  6.7
Conjurations   | 1 2 3 4 |  4.0
Summonings     | 1 2 |  2.0
Fighting       | 1 3 |  3.0
Shields        | 1 2 |  2.8
Invocations    | 1 3 |  3.3
Maces & Flails | 1 |  1.2
Dodging        | |  2.8

Action                   |  1- 3 |  4- 6 |  7- 9 || total
-------------------------+-------+-------+-------++-------
Melee: Short sword       |    77 |    18 |       ||    95
       Club              |     4 |       |       ||     4
       Dagger            |       |    85 |    77 ||   162
       Mace              |       |     5 |       ||     5
       Flail             |       |       |    60 ||    60
 Fire: Hunting sling     |       |    26 |   250 ||   276
 Cast: Sting             |    44 |    54 |    37 ||   135
       Poisonous Vapours |     1 |     1 |     2 ||     4
       Mephitic Cloud    |       |       |    17 ||    17
       Call Imp          |       |       |     2 ||     2
Invok: Draw Destruction  |       |     3 |     2 ||     5
  Use: Potion            |       |     1 |     1 ||     2
       Scroll            |       |       |    11 ||    11
 Stab: Sleeping          |     8 |     3 |     2 ||    13
       Distracted        |     1 |       |       ||     1
       Confused          |       |       |     5 ||     5
Armor: Robe              |    13 |       |       ||    13
       Acid dragon scale |       |    19 |    37 ||    56
Dodge: Dodged            |    54 |    80 |   199 ||   333
Block: Buckler           |     9 |    40 |   114 ||   163
       Reflection        |       |       |     1 ||     1

Table legend: (Time is in decaauts)
 A = Elapsed time spent in this place.
 B = Non-inter-level travel time spent in this place.
 C = Inter-level travel time spent in this place.
 D = Time resting spent in this place.
 E = Time spent auto-exploring this place.
 F = Levels seen in this place.
 G = Mean time per level.
                   A        B        C        D        E       F      G
               +--------+--------+--------+--------+--------+-----+--------+
         Total |  10356 |  10126 |    230 |   4509 |   3423 |  10 | 1035.6 |
       Dungeon |  10303 |  10073 |    230 |   4490 |   3417 |   8 | 1287.9 |
          Lair |     20 |     20 |      0 |      0 |      5 |   1 |   20.0 |
        Bailey |     32 |     32 |      0 |     19 |      0 |   1 |   32.0 |
               +--------+--------+--------+--------+--------+-----+--------+

Top non-repeatable levels by time:
     D:7: 1880 daAuts
     D:5: 1840 daAuts
     D:6: 1506 daAuts
     D:4: 1335 daAuts
     D:3: 1124 daAuts
     D:8: 1013 daAuts
     D:2: 997 daAuts
     D:1: 603 daAuts
  Bailey: 32 daAuts
  Lair:1: 20 daAuts
